 Dungeon Crawl Stone Soup version 0.31-a0-1074-g0b22e4e0f1 (webtiles) character file.

Game seed: 1587832433084684989

56 pokeman the Magician (level 3, -4/20 HPs)
             Began as a Deep Elf Hedge Wizard on Dec 2, 2023.
             Frozen to death by an endoplasm (5 damage)
             ... on level 3 of the Dungeon.
             The game lasted 00:04:32 (2265 turns).

pokeman the Magician (Deep Elf Hedge Wizard)        Turns: 2265, Time: 00:04:33

Health: -4/20      AC:  3    Str:  7    XL:     3   Next: 69%
Magic:  6/11       EV:  9    Int: 20    God:
Gold:   122        SH:  0    Dex: 14    Spells: 1/12 levels left

rFire   . . .        a - +0 dagger
rCold   . . .        (no shield)
rNeg    . . .        b - +0 robe
rPois   .            i - +0 helmet
rElec   .            (no cloak)
rCorr   .            (no gloves)
SInv    .            (no boots)
Will    .....        (no amulet)
Stlth   ++           (no ring)
HPRegen 0.23/turn    (no ring)
MPRegen 0.12/turn

%: no passive effects
@: very slightly contaminated, constricted
A: no striking features
a: no special abilities


You were on level 3 of the Dungeon.
You visited 1 branch of the dungeon, and saw 3 of its levels.

You collected 122 gold pieces.

Inventory:

Hand Weapons
 a - a +0 dagger (weapon)
Armour
 b - a +0 robe (worn)
 i - a +0 helmet (worn)
Scrolls
 e - a scroll of fear {unknown}
 f - a scroll of butterflies {unknown}
 j - 5 scrolls of identify {unknown}
 k - a scroll of amnesia {unknown}
 m - a scroll of revelation {unknown}
Potions
 c - a potion of heal wounds {unknown}
 d - a potion of magic
 g - a potion of lignification {unknown}
 h - 2 potions of curing {unknown}
 l - a potion of enlightenment {unknown}
 n - a potion of brilliance {unknown}
 o - a potion of might {unknown}
 p - 2 potions of mutation {unknown}


   Skills:
 - Level 1.0 Fighting
 + Level 1.0 Armour
 - Level 2.4 Dodging
 - Level 2.4 Stealth
 * Level 5.3 Spellcasting
 + Level 2.0 Conjurations
 - Level 1.1 Summonings
 - Level 1.1 Translocations
 + Level 0.4 Ice Magic


You had one spell level left.
You knew the following spells:

 Your Spells              Type           Power      Damage    Failure   Level
a - Magic Dart            Conj           52%        1d5       4%          1
b - Mephitic Cloud        Conj/Pois/Air  8%         N/A       26%         3
c - Call Imp              Summ           18%        N/A       11%         2
d - Blink                 Tloc           18%        N/A       11%         2
e - Hailstorm             Conj/Ice       10%        3d5       21%         3

Your spell library contained the following spells:

 Spells                   Type           Power      Damage    Failure   Level
 Freeze                   Ice            28%        1d5       10%         1
 Slow                     Hex            20%        N/A       11%         1
 Cigotuvi's Dreadful Rot  Necr/Pois/Air  10%        N/A       17%         2
 Frozen Ramparts          Ice            14%        1d3       28%         3
 Simulacrum               Ice/Necr       3%         N/A       100%        6
 Ozocubu's Refrigeration  Ice            3%         4d8       100%        7
 Polar Vortex             Ice            3%         N/A       100%        9


Dungeon Overview and Level Annotations

Branches:
Dungeon (3/15)

Altars:

Annotations:
D:3 Jessica, Natasha


Message History

The hobgoblin appears confused.
The hobgoblin ponders the situation.
Unknown command.
Unknown command.
You are engulfed in noxious fumes.
You feel less confused.
The hobgoblin hits you but does no damage.
The worm is engulfed in noxious fumes.
The worm closely misses you.
A ball python comes into view.
Natasha, Servant of Life and Death comes into view.
The worm is engulfed in noxious fumes.
The worm appears confused.
You hit the worm.
The worm is moderately wounded.
Natasha casts a spell.
The worm bites you!
There is a stone staircase leading up here.
You hit the worm.
The worm is moderately wounded.
Natasha casts a spell.
The hobgoblin completely misses the worm.
Unknown command.
Natasha casts a spell at you. The magic dart hits you!
* * * LOW HITPOINT WARNING * * *
The hobgoblin says, "Why is everything spinning?"
The hobgoblin completely misses the hobgoblin.
The hobgoblin completely misses itself.
The worm barely misses you.
The worm bites itself.
The ball python barely misses you. The ball python grabs you.
You stop ascending the stairs.
The ball python constricts you.
* * * LOW HITPOINT WARNING * * *
Unknown command.
Casting: Mephitic Cloud (extremely dangerous; 26% risk of failure)
Confirm with . or Enter, or press ? or * to list all spells.
You miscast Blink.
You are very lightly contaminated with residual magic.
Nothing appears to happen.
The endoplasm freezes you.
You are frozen.
You die...

##........##
#........).#
#..........# #
#..........#
#.#..........##
.@........(....
...#...gg..##...
.....†.w@.......
.......J.S..#...
................
.............#..
................
...#..>.........
...#.....h.##...
## #####..5# .##
....


You could see a worm (confused), Natasha, a cerulean imp (summoned), Jessica, an
endoplasm, 2 hobgoblins and a ball python.

Vanquished Creatures
  An adder (D:2)
  2 worms (D:2)
  5 ball pythons (D:1)
  5 endoplasms
  2 giant cockroaches
  4 goblins
  5 hobgoblins
  2 bats
  4 frilled lizards
  5 kobolds
  3 rats
38 creatures vanquished.

Notes
Turn   | Place    | Note
-------+----------+-------------------------------------------
     0 | D:1      | pokeman the Deep Elf Hedge Wizard began the quest for the
                  | Orb.
     0 | D:1      | Reached XP level 1. HP: 10/10 MP: 7/7
   313 | D:1      | Reached XP level 2. HP: 15/15 MP: 7/9
  1036 | D:1      | Reached skill level 5 in Spellcasting
  1292 | D:2      | Found a faded altar of an unknown god.
  1303 | D:2      | Reached XP level 3. HP: 20/20 MP: 7/11
  1307 | D:2      | Learned a level 3 spell: Mephitic Cloud
  1310 | D:2      | Learned a level 2 spell: Call Imp
  1313 | D:2      | Learned a level 2 spell: Blink
  1603 | D:2      | Reached skill level 1 in Fighting
  1607 | D:2      | Learned a level 3 spell: Hailstorm
  2204 | D:2      | Reached skill level 1 in Armour
  2260 | D:3      | Noticed Natasha
  2264 | D:3      | Noticed Jessica
  2264 | D:3      | HP: 1/20 [constriction (1)]
  2265 | D:3      | Frozen to death by an endoplasm

Illustrated notes

Levels and vault maps discovered:
D:1:      scummos_arrival_star, layout_loops_cross,
          nicolae_concentric_dashed_squares_wild, minmay_hexomino_p4
D:2:      layout_loops_cross, chequers_ecumenical_altar_grove
D:3:      layout_rooms, nicolae_uskayaw_suspiria, nicolae_titane, uniq_natasha,
          uniq_grinder, uniq_ijyb, uniq_jessica

Skill      XL: |  1  2  3 |
---------------+----------+-----
Spellcasting   | 5 |  5.3
Fighting       | 1 |  1.0
Armour         | 1 |  1.0
Conjurations   | 2 |  2.0
Dodging        | |  2.4
Stealth        | |  2.4
Summonings     | |  1.1
Translocations | |  1.1
Ice Magic      | |  0.4

Action                     || total
---------------------------++-------
  Melee: Dagger            ||     8
   Cast: Magic Dart        ||   107
         Mephitic Cloud    ||     2
 Armour: Robe              ||    13
  Dodge: Dodged            ||    14

Table legend: (Time is in decaauts)
 A = Elapsed time spent in this place.
 B = Non-inter-level travel time spent in this place.
 C = Inter-level travel time spent in this place.
 D = Time resting spent in this place.
 E = Time spent auto-exploring this place.
 F = Levels seen in this place.
 G = Mean time per level.
                   A        B        C        D        E       F      G
               +--------+--------+--------+--------+--------+-----+--------+
         Total |   2265 |   2171 |     94 |      0 |   1941 |   3 |  755.0 |
       Dungeon |   2265 |   2171 |     94 |      0 |   1941 |   3 |  755.0 |
               +--------+--------+--------+--------+--------+-----+--------+

Top non-repeatable levels by time:
     D:1: 1148 daAuts
     D:2: 1104 daAuts
     D:3: 13 daAuts
